 Dungeon Crawl Stone Soup version 0.28.0-1-gb440e238dd (webtiles) character file.

Game seed: 10898928101290041374

13860 Zeldest the Transmogrifier (level 12, -12/79 HPs)
             Began as a Vine Stalker Wanderer on Feb 24, 2022.
             Was an Elder of Elyvilon.
             Mangled by a dream sheep (21 damage)
             ... on level 4 of the Lair of Beasts.
             The game lasted 00:35:18 (4871 turns).

Zeldest the Transmogrifier (Vine Stalker Wanderer)  Turns: 4871, Time: 00:35:19

Health: -12/79     AC:  8    Str: 13    XL:     12   Next: 10%
Magic:  0/13       EV:  1    Int: 15    God:    Elyvilon [****..]
Gold:   548        SH:  0    Dex: 20    Spells: 7/11 levels left

rFire   . . .      SeeInvis .     - Unarmed
rCold   + + +      Faith    .   (shield currently unavailable)
rNeg    . . .      Spirit   +   (armour currently unavailable)
rPois   +          Reflect  .   (helmet currently unavailable)
rElec   +          Harm     .   (cloak currently unavailable)
rCorr   +          Rampage  .   (gloves currently unavailable)
Will    +....                   (boots currently unavailable)
Stlth   ++........              (no amulet)
HPRegen 1.03/turn               I - ring of protection from cold
MPRegen 0.13/turn               r - ring of resist corrosion

@: ice-form, resistant, sleeping
A: freezing attack, amphibious, boosted hp, large, (fangs 3), regeneration 1,
magic shield, (antimagic bite), no potion heal 2, (talons 1), clever 1,
evolution 1
a: End Transformation, Renounce Religion, Purification, Heal Other, Heal Self


You were on level 4 of the Lair of Beasts.
You worshipped Elyvilon.
Elyvilon was greatly pleased with you.
You were a creature of crystalline ice.
You visited 3 branches of the dungeon, and saw 16 of its levels.
You also visited: Ossuary and Bailey.

You collected 548 gold pieces.

Inventory:

Hand Weapons
 a - a +0 dagger
 f - a +4 dagger of electrocution (melded)
 G - the +5 spear of Doom {vorpal, rN+ MP+9}
   (You found it on level 9 of the Dungeon)

   It inflicts extra damage upon your enemies.
   rN:        It protects you from negative energy.
   MP:        It affects your magic capacity (+9).
Armour
 d - +1 ice dragon scales
 k - a +0 pair of boots (melded)
 m - a +0 buckler
 A - a +0 pair of gloves (melded)
 E - a +0 cloak (melded)
 H - the +1 ring mail "Launi" (melded) {Rampage rPois}
   (You found it in a bailey)

   rPois:     It protects you from poison.
   Rampage:   It bestows one free step when moving towards enemies.
 J - the +4 ring mail of the Ten Saving Hosts {Contam Str+3 Int+3}
   (You found it on level 3 of the Lair of Beasts)

   Str:       It affects your strength (+3).
   Int:       It affects your intelligence (+3).
   Contam:    It causes magical contamination when unequipped.
Jewellery
 g - a ring of fire
 p - a ring of positive energy
 r - a ring of resist corrosion (right front paw)
 t - an amulet of faith
 C - a ring of ice
 I - a ring of protection from cold (left front paw)
Wands
 c - a wand of flame (16)
Scrolls
 b - 2 scrolls of fog
 e - 2 scrolls of blinking {unknown}
 i - a scroll of torment {unknown}
 j - a scroll of magic mapping
 l - 2 scrolls of vulnerability {unknown}
 n - 3 scrolls of enchant armour
 s - a scroll of fear {unknown}
 u - a scroll of brand weapon {unknown}
 v - 3 scrolls of amnesia
 x - 2 scrolls of teleportation
 y - a scroll of immolation {unknown}
 D - 2 scrolls of silence
Potions
 h - 3 potions of might
 o - 4 potions of mutation
 q - 3 potions of flight
 w - 4 potions of curing
 z - 3 potions of resistance
 B - a potion of cancellation


   Skills:
 + Level 9.0 Fighting
 - Level 3.2 Short Blades
 - Level 2.4 Armour
 - Level 2.4 Dodging
 - Level 2.4 Stealth
 + Level 2.0 Shields
 + Level 8.8 Unarmed Combat
 + Level 9.6 Transmutations
 + Level 8.0 Ice Magic
 - Level 4.9 Air Magic


You had 7 spell levels left.
You knew the following spells:

 Your Spells              Type           Power      Damage    Failure   Level
a - Ice Form              Ice/Tmut       26%        N/A       7%          4

Your spell library contained the following spells:

 Spells                   Type           Power      Damage    Failure   Level
 Frozen Ramparts          Ice            48%        1d6       3%          3
 Animate Skeleton         Necr           0%         N/A       26%         1
 Apportation              Tloc           0%         N/A       26%         1
 Magic Dart               Conj           0%         1d3       26%         1
 Summon Small Mammal      Summ           0%         N/A       26%         1
 Blink                    Tloc           0%         N/A       38%         2
 Summon Ice Beast         Ice/Summ       12%        N/A       45%         4
 Cause Fear               Hex            0%         N/A       95%         4
 Dragon Form              Tmut           14%        N/A       99%         7
 Fireball                 Conj/Fire      0%         3d3       100%        5
 Manifold Assault         Tloc           0%         N/A       100%        5
 Starburst                Conj/Fire      0%         6d3       100%        6
 Storm Form               Tmut/Air       10%        N/A       100%        7
 Ignition                 Fire           0%         3d3       100%        8
 Dragon's Call            Summ           0%         N/A       100%        9


Dungeon Overview and Level Annotations

Branches:
Dungeon (11/15)            Temple (1/1) D:5            Lair (4/6) D:11
  Swamp (0/4) Lair:3          Orc (0/2) D:9         Ossuary (visited)
 Bailey (visited)
  Snake: Lair:2-4    Spider: Lair:2-4

Altars:
Ashenzari
Cheibriados
Dithmenos
Elyvilon
Fedhas
Hepliaklqana
Kikubaaqudgha
Nemelex Xobeh
Okawaru
Sif Muna
Trog
Uskayaw
Vehumet
Wu Jian
Xom
Yredelemnul
Zin
The Shining One

Shops:
D:6 (

Annotations:
D:5 2 transporters, jfcaron's ghost, novice DsMo
D:6 3 runed translucent doors, themarg's ghost, novice TeCj
Lair:2 Nergalle


Innate Abilities, Weirdness & Mutations

You are a creature of crystalline ice.
You have a powerful freezing melee attack.
You are amphibious.
Your maximum health is increased.
Your armour is entirely melded.
You are incapable of wielding weapons or throwing items.
((You have razor-sharp teeth.))
Your natural rate of healing is unusually fast.
When hurt, damage is shared between your health and your magic reserves.
((Your bite disrupts and absorbs the magic of your enemies.))
Potions cannot restore your health.
((You have sharp toenails.))
Your mind is acute. (Int +2)
You have hidden genetic potential.


Message History

The now-empty wand crumbles to dust.
You hear an angry buzzing noise. x2
The killer bee barely misses you. The killer bee stings you.
* * * LOW HITPOINT WARNING * * *
The meliai calls upon its god to heal the killer bee.
The killer bee is healed somewhat.
You miss the killer bee.
The killer bee is heavily wounded.
The killer bee stings you.
* * * LOW HITPOINT WARNING * * *
The killer bee barely misses you.
You miss the killer bee.
The killer bee is heavily wounded.
The killer bee barely misses you.
The meliai calls upon its god to heal the killer bee.
The killer bee's wounds heal themselves!
You hear an angry buzzing noise.
You pummel the killer bee!! You freeze the killer bee!
You kill the killer bee!
The meliai hits you with a +0 hand axe!
* * * LOW HITPOINT WARNING * * *
The meliai stings you.
* * * LOW HITPOINT WARNING * * *
The meliai mumbles some strange prayers to its god against you.
Something smites you!
* * * LOW HITPOINT WARNING * * *
Your surroundings suddenly seem different. 4 dream sheep come into view.
Found a potion of mutation and 18 gold pieces.
Found a stone staircase leading down.
The dream sheep bleats! x4
The dream sheep are wreathed in dream dust.
You feel drowsy...
You fall asleep.
The dream sheep moves out of view.
You hear a bleat!
You hear an angry hiss.
You hear a bleat!
You hear the loud beating of a very distant drum.
A dream sheep comes into view.
A dream sheep comes into view. x3
The dream sheep bites you!!
You die...

.#. . ... .
.. #.. .. ...
#.. Y..
..P$+.. >Y..
#..... .....
#...!##Y⌠.⌠..
#.Y......#
#.Y.Y.....
##Y##.Y.#.
#.. #Y# .#.
.. . #. . . #
.#


You could see 8 dream sheep.

Vanquished Creatures
  A centaur warrior (D:11)
  A hydra (Lair:3)
  2 manticores
  Maurice (D:8)
  A black mamba (Lair:1)
  2 centaur zombies
  A gargoyle (Bailey)
  2 cane toads (Lair:2)
  2 kobold demonologists
  2 komodo dragons
  A meliai (Lair:4)
  A queen bee (Lair:4)
  A wyvern (Lair:3)
  A wraith (Ossuary)
  2 vampires
  18 yaks
  A steam dragon (D:5)
  5 water moccasins
  An acid dragon (D:7)
  2 sky beasts (D:5)
  6 black bears
  4 necrophages
  A hornet zombie (D:7)
  An ice beast (D:5)
  An ogre (D:6)
  4 wolves (Lair:4)
  2 centaurs (D:10)
  A phantom (D:5)
  A kobold brigand (D:9)
  7 bullfrogs
  3 scorpions
  A water moccasin zombie (D:5)
  A wyvern skeleton (D:7)
  A water moccasin skeleton (D:6)
  12 killer bees
  4 wights (D:8)
  7 vampire bats (Bailey)
  2 howler monkeys (D:8)
  5 wolf zombies (Bailey)
  A hound (D:5)
  A jelly (D:5)
  3 orc wizards
  4 mummies
  An adder (D:4)
  A white imp (D:6)
  3 dart slugs
  8 orcs
  3 bats
  3 endoplasms (D:1)
  A giant cockroach (D:4)
  5 goblins
  6 hobgoblins
  5 kobolds
  5 quokkas
  3 ball pythons
  4 frilled lizards (D:2)
  4 goblin zombies (Ossuary)
  3 hobgoblin zombies (Ossuary)
  3 kobold zombies (Ossuary)
  17 orc zombies (Bailey)
  6 rats
202 creatures vanquished.

Vanquished Creatures (collateral kills)
  A centaur (D:11)
1 creature vanquished.

Vanquished Creatures (others)
  37 fungi
  33 plants
70 creatures vanquished.

Grand Total: 273 creatures vanquished

Notes
Turn   | Place    | Note
-------+----------+-------------------------------------------
     0 | D:1      | Zeldest the Vine Stalker Wanderer began the quest for the
                  | Orb.
     0 | D:1      | Zeldest set off with the following items: a +0 dagger, a
                  | scroll of fog, a potion of mutation, a +2 leather armour
     0 | D:1      | Reached XP level 1. HP: 11/11 MP: 2/2
    92 | D:1      | Reached XP level 2. HP: 5/15 MP: 3/3
   235 | D:1      | Found a faded altar of an unknown god.
   237 | D:1      | Noticed a great orb of eyes
   237 | D:1      | Noticed a shining eye
   238 | D:1      | Noticed a shining eye
   238 | D:1      | Noticed a great orb of eyes
   413 | D:2      | Reached skill level 1 in Air Magic
   413 | D:2      | Reached XP level 3. HP: 16/18 MP: 2/4
   475 | D:2      | Reached skill level 1 in Transmutations
   599 | D:2      | Reached skill level 1 in Short Blades
   802 | D:4      | Noticed a necrophage
   865 | D:4      | Gained mutation: Your natural rate of healing is unusually
                  | fast. [Vine Stalker growth]
   865 | D:4      | Reached XP level 4. HP: 23/23 MP: 5/5
   895 | D:4      | Noticed a scorpion
   899 | D:4      | Killed a scorpion
   900 | D:4      | Reached XP level 5. HP: 27/27 MP: 6/6
   963 | D:4      | Killed a necrophage
  1093 | D:5      | Entered Level 5 of the Dungeon
  1104 | D:5      | Noticed a necrophage
  1123 | D:5      | Killed a necrophage
  1124 | D:5      | Reached XP level 6. HP: 28/32 MP: 7/7
  1132 | D:5      | Found a staircase to the Ecumenical Temple.
  1151 | Temple   | Entered the Ecumenical Temple
  1358 | Temple   | Became a worshipper of Elyvilon the Healer
  1507 | D:5      | Found a transporter.
  1508 | D:5      | Noticed a necrophage
  1535 | D:5      | Found a transporter.
  1545 | D:5      | Noticed jfcaron's ghost (novice DsMo)
  1559 | D:5      | Noticed a steam dragon
  1571 | D:5      | Killed a steam dragon
  1572 | D:5      | Reached XP level 7. HP: 30/37 MP: 6/8
  1614 | D:5      | Reached skill level 1 in Unarmed Combat
  1661 | D:5      | Gained mutation: You have razor-sharp teeth. [Vine Stalker
                  | growth]
  1661 | D:5      | Reached XP level 8. HP: 36/42 MP: 9/9
  1878 | D:6      | Found a runed translucent gate.
  1878 | D:6      | Found a runed translucent gate.
  1878 | D:6      | Found a runed translucent gate.
  1931 | D:6      | Found a snail-covered altar of Cheibriados.
  1988 | D:6      | Noticed themarg's ghost (novice TeCj)
  2046 | D:6      | Found Juusuru's Antique Weapon Shop.
  2084 | D:7      | Reached * piety under Elyvilon
  2121 | D:7      | Noticed a vampire
  2127 | D:7      | Killed a vampire
  2128 | D:7      | Reached skill level 5 in Fighting
  2128 | D:7      | Reached skill level 5 in Transmutations
  2128 | D:7      | Reached skill level 1 in Ice Magic
  2137 | D:7      | Found a radiant altar of Vehumet.
  2141 | D:7      | Got Vehumet's Guide on Conjuration
  2143 | D:7      | Found an ancient bone altar of Kikubaaqudgha.
  2144 | D:7      | Found a shimmering blue altar of Sif Muna.
  2200 | D:7      | Reached XP level 9. HP: 45/47 MP: 8/10
  2207 | D:7      | Found a glowing silver altar of Zin.
  2212 | D:7      | Found an iron altar of Okawaru.
  2352 | D:7      | Found a sand-covered staircase.
  2358 | Ossuary  | Entered an ossuary
  2671 | D:8      | Noticed a manticore
  2679 | D:8      | Killed a manticore
  2889 | D:7      | Reached skill level 5 in Unarmed Combat
  2934 | D:8      | Reached ** piety under Elyvilon
  3135 | D:8      | Reached XP level 10. HP: 32/53 MP: 6/11
  3167 | D:8      | Noticed Maurice
  3193 | D:8      | Killed Maurice
  3194 | D:8      | Reached skill level 5 in Ice Magic
  3260 | D:9      | Noticed a kobold demonologist
  3268 | D:9      | Killed a kobold demonologist
  3312 | D:9      | Found a flagged portal.
  3316 | D:9      | Identified the +8 halberd "Minyu" {flame, rPois Stlth+}
  3320 | D:9      | Identified the +5 spear of Doom {vorpal, rN+ MP+9}
  3339 | Bailey   | Entered a bailey
  3386 | Bailey   | Identified the +1 ring mail "Launi" {Rampage rPois}
  3447 | Bailey   | Noticed a gargoyle
  3465 | Bailey   | HP: 2/55 [gargoyle (9)]
  3468 | Bailey   | Elyvilon protects you from harm!
  3469 | Bailey   | Killed a gargoyle
  3752 | D:10     | Entered Level 10 of the Dungeon
  3758 | D:11     | Reached *** piety under Elyvilon
  3764 | D:11     | Noticed a two-headed ogre
  3866 | D:10     | Learned a level 4 spell: Ice Form
  3881 | D:10     | Reached XP level 11. HP: 37/59 MP: 10/12
  3884 | D:11     | Noticed a centaur warrior
  4169 | D:11     | Noticed a manticore
  4216 | D:11     | Killed a centaur warrior
  4230 | D:11     | HP: 3/60 [manticore (5)]
  4233 | D:11     | Killed a manticore
  4288 | D:11     | Found a staircase to the Lair.
  4297 | Lair:1   | Entered Level 1 of the Lair of Beasts
  4404 | Lair:3   | Noticed a will-o-the-wisp
  4404 | Lair:3   | Noticed a six-headed hydra
  4404 | Lair:3   | Found a staircase to the Swamp.
  4506 | Lair:2   | Gained mutation: You have hidden genetic potential. [potion
                  | of mutation]
  4506 | Lair:2   | Gained mutation: You have sharp toenails. [potion of
                  | mutation]
  4506 | Lair:2   | Gained mutation: Your mind is acute. (Int +2) [potion of
                  | mutation]
  4574 | Lair:2   | Reached **** piety under Elyvilon
  4620 | Lair:2   | Noticed Nergalle
  4634 | Lair:2   | Elyvilon protects you from harm!
  4685 | Lair:2   | Noticed a catoblepas
  4710 | Lair:3   | Noticed a four-headed hydra
  4722 | Lair:3   | Identified the +4 ring mail of the Ten Saving Hosts {Contam
                  | Str+3 Int+3}
  4746 | Lair:3   | Killed a four-headed hydra
  4747 | Lair:3   | Reached skill level 1 in Shields
  4790 | Lair:4   | Reached XP level 12. HP: 65/65 MP: 6/13
  4871 | Lair:4   | Mangled by a dream sheep

Illustrated notes

Levels and vault maps discovered:
D:1:      lightli_arrival_quake, layout_loops_cross,
          hellmonk_ecumenical_altar_watching_god, minmay_misc_feat_rugged,
          minmay_pentomino_o4
D:2:      layout_basic, corexii_corridor_pit, hangedman_decor_slide_cut
D:3:      layout_basic, lightli_temple_of_fire
D:4:      layout_loops_ring, nicolae_qazlal_eye_of_the_storm, uniq_blork_the_orc
D:5:      layout_rooms, minmay_temple_entry_waves, gammafunk_ghost_mausoleum,
          kennysheep_generic_room_16, uniq_crazy_yiuf_cottage
D:6:      layout_gridville, mainiacjoe_overflow_small_starburst,
          lemuel_doored_altar, serial_shops, shop,
          gammafunk_ghost_nasty_kobolds, uniq_maggie
D:7:      layout_cave_pods, grunt_temple_overflow_magic_moments, minitemple,
          nicolae_ossuary_entry_giza
D:8:      layout_rooms, minmay_tree_intersection, uniq_maurice
D:9:      layout_loops_corners, hiddenorc1_lemuel, enter_bailey_2,
          minmay_misc_feat_four_crosses, uniq_prince_ribbit1
D:10:     layout_stronghold, gammafunk_ghost_wrathful_warriors
D:11:     minmay_cut_squares, layout_gridville, due_lair_maze_entry_diamond,
          portal_ice_cave_rime
Temple:   nicolae_temple_figure_eight
Lair:1:   gammafunk_cloud_chamber, layout_gridlike
Lair:2:   layout_cellular_growth, ldierk_geyser, uniq_nergalle
Lair:3:   layout_big_grid, minmay_swamp_entry_wisps, serial_bayou_pond_c,
          serial_bayou_pond_e, lemuel_fruit_tree
Lair:4:   layout_layer_cave, hellmonk_spider_entry_not_the_bees, special_room
          [special_room_bee], gauntlet_entry_generic, serial_bayou_shore_a,
          grunt_megastairs_2

Skill      XL: |  1  2  3  4  5  6  7  8  9 10 11 12 |
---------------+-------------------------------------+-----
Fighting       | 2 3 4 5 6 7 8 9 |  9.0
Air Magic      | 1 2 3 4 |  4.9
Transmutations | 1 2 3 4 5 6 8 9 |  9.6
Short Blades   | 1 2 3 |  3.2
Unarmed Combat | 2 3 5 7 8 |  8.8
Ice Magic      | 1 4 6 7 8 |  8.0
Shields        | 1 2 |  2.0
Armour         | |  2.4
Dodging        | |  2.4
Stealth        | |  2.4

Action                   |  1- 3 |  4- 6 |  7- 9 | 10-12 || total
-------------------------+-------+-------+-------+-------++-------
Melee: Dagger            |    94 |    47 |   254 |   353 ||   748
       Bite              |    20 |    14 |    87 |   147 ||   268
       Punch             |     3 |       |       |       ||     3
       Spear             |       |       |       |    13 ||    13
       Unarmed           |       |       |       |    71 ||    71
 Cast: Ice Form          |       |       |       |     5 ||     5
 Abil: End Transformatio |       |       |       |     1 ||     1
Evoke: Wand              |       |     4 |     9 |    17 ||    30
  Use: Scroll            |       |       |    13 |     9 ||    22
       Potion            |       |       |     3 |     4 ||     7
 Stab: Sleeping          |    10 |     3 |     5 |     5 ||    23
Armor: Leather armour    |    23 |     4 |    47 |    16 ||    90
       Skin              |       |       |     9 |    24 ||    33
       Ring mail         |       |       |       |   111 ||   111
Dodge: Dodged            |    41 |    20 |   111 |   262 ||   434
Block: Buckler           |       |     7 |    26 |    67 ||   100
